 Dungeon Crawl Stone Soup version 0.29.1-2-gbd0b4ee654 (webtiles) character file.

Game seed: 10944529356188456697

47 hilljack the Digger (level 3, 0/19 HPs)
             Began as a Gargoyle Earth Elementalist on Nov 7, 2022.
             Slain by an orc
             ... wielding a +0 flail
              (6 damage)
             ... on level 2 of the Dungeon.
             The game lasted 00:02:31 (1978 turns).

hilljack the Digger (Gargoyle Earth Elementalist)   Turns: 1978, Time: 00:02:31

Health: 0/19       AC:  5    Str: 11    XL:     3   Next: 70%
Magic:  6/6        EV: 11    Int: 17    God:
Gold:   87         SH:  0    Dex: 10    Spells: 6/7 levels left

rFire   . . .      SeeInvis .   c - +0 mace
rCold   . . .      Faith    .   (no shield)
rNeg    + . .      Spirit   .   a - +0 robe
rPois   ∞          Reflect  .   (no helmet)
rElec   +          Harm     .   (no cloak)
rCorr   .          Rampage  .   (no gloves)
Will    .....                   (no boots)
Stlth   +.........              (no amulet)
HPRegen 0.06/turn               (no ring)
MPRegen 0.10/turn               (no ring)

@: confused, ambrosia-drunk
A: sickness immunity, AC +3, negative energy resistance 1, electricity
resistance, torment resistance 1, petrification resistance
a: no special abilities


You were on level 2 of the Dungeon.
You visited 1 branch of the dungeon, and saw 3 of its levels.

You collected 87 gold pieces.

Inventory:

Hand Weapons
 c - a +0 mace (weapon)
Armour
 a - a +0 robe (worn)
Wands
 g - a wand of iceblast (4)
 k - a wand of mindburst (14)
Scrolls
 h - a scroll of immolation {unknown}
 i - a scroll of amnesia {unknown}
 j - a scroll of blinking
Potions
 b - a potion of magic
 d - a potion of might {unknown}
 f - a potion of attraction {unknown}


   Skills:
 - Level 1.5 Dodging
 - Level 2.1 Stealth
 + Level 2.6 Spellcasting
 - Level 0.7 Transmutations
 * Level 5.0 Earth Magic


You had 6 spell levels left.
You knew the following spells:

 Your Spells              Type           Power      Damage    Failure   Level
a - Sandblast             Erth           38%        2d10      2%          1

Your spell library contained the following spells:

 Spells                   Type           Power      Damage    Failure   Level
 Passwall                 Tmut/Erth      10%        N/A       9%          2
 Stone Arrow              Conj/Erth      20%        3d8       19%         3
 Petrify                  Tmut/Erth      12%        N/A       50%         4


Dungeon Overview and Level Annotations

Branches:
Dungeon (3/15)

Altars:
Zin

Shops:
D:3 *


Innate Abilities, Weirdness & Mutations

You are immune to sickness and miasma.
Your stone body is resilient. (AC +3)
You are immune to poison.
You resist negative energy. (rN+)
You are resistant to electric shocks. (rElec)
You are resistant to unholy torment.
You are immune to petrification.


Message History

The blast of sand hits the orc but does no damage.
The orc is heavily wounded.
The orc barely misses you.
Casting: Sandblast (safe; 2% risk of failure)
Confirm with . or Enter, or press ? or * to list all spells.
Aiming: Sandblast (safe; 2% risk of failure)
Press: ? - help, Shift-Dir - straight line, f/p - orc
Aim: an orc, wielding a +0 flail and wearing a +0 chain mail (heavily wounded, 87% to hit)
The blast of sand hits the orc but does no damage.
The orc is heavily wounded.
The orc barely misses you. The orc hits you with a +0 flail.
Casting: Sandblast (safe; 2% risk of failure)
Confirm with . or Enter, or press ? or * to list all spells.
Aiming: Sandblast (safe; 2% risk of failure)
Press: ? - help, Shift-Dir - straight line, f/p - orc
Aim: an orc, wielding a +0 flail and wearing a +0 chain mail (heavily wounded, 87% to hit)
The blast of sand hits the orc but does no damage.
The orc is heavily wounded.
The orc hits you with a +0 flail.
* * * LOW HITPOINT WARNING * * *
Casting: Sandblast (safe; 2% risk of failure)
Confirm with . or Enter, or press ? or * to list all spells.
Aiming: Sandblast (safe; 2% risk of failure)
Press: ? - help, Shift-Dir - straight line, f/p - orc
Aim: an orc, wielding a +0 flail and wearing a +0 chain mail (heavily wounded, 87% to hit)
The blast of sand hits the orc but does no damage.
The orc is heavily wounded.
The orc closely misses you. x2
Casting: Sandblast (safe; 2% risk of failure)
Confirm with . or Enter, or press ? or * to list all spells.
Aiming: Sandblast (safe; 2% risk of failure)
Press: ? - help, Shift-Dir - straight line, f/p - orc
Aim: an orc, wielding a +0 flail and wearing a +0 chain mail (moderately wounded, 87% to hit)
The blast of sand hits the orc.
The orc is heavily wounded.
The orc completely misses you.
It was a potion of ambrosia.
You are confused.
You feel invigorated. The orc hits you with a +0 flail.
You die...

#.......# #...#...#
##..#.#..###
('.#.#)#.'.##
.#..#.#..#..#
.#.).#...##.#
.#.......##.############
.####'####......##.....#
..........####..@#....P#
....#####.# #.#o>.PP..#
....# #.# #...##...8#
.##.# #.# ########..#
.##.# #.# ##.# .##>#
##.## #.# ###.#
#...###########<# #.#
#...............# #.#
#...#############


You could see an orc.

Vanquished Creatures
  An adder (D:2)
  An adder skeleton (D:2)
  A dart slug (D:2)
  An orc (D:1)
  2 bats (D:2)
  3 endoplasms
  A giant cockroach (D:1)
  3 hobgoblins
  2 quokkas
  A ball python (D:1)
  A ball python zombie (D:2)
  2 frilled lizards
  2 giant cockroach zombies (D:2)
  A jackal skeleton (D:2)
  7 kobolds
  A quokka zombie (D:2)
  6 rats
36 creatures vanquished.

Notes
Turn   | Place    | Note
-------+----------+-------------------------------------------
     0 | D:1      | hilljack the Gargoyle Earth Elementalist began the quest
                  | for the Orb.
     0 | D:1      | Reached XP level 1. HP: 10/10 MP: 3/3
   258 | D:1      | Reached skill level 4 in Earth Magic
   466 | D:1      | Reached XP level 2. HP: 15/15 MP: 3/5
   683 | D:1      | Found a faded altar of an unknown god.
  1055 | D:2      | Reached XP level 3. HP: 19/19 MP: 2/6
  1314 | D:2      | Found a glowing silver altar of Zin.
  1714 | D:3      | Reached skill level 5 in Earth Magic
  1722 | D:3      | Found Obinluz's General Store.
  1978 | D:2      | Slain by an orc

Illustrated notes

Levels and vault maps discovered:
D:1:      psy_arrival_spokes, layout_rooms, basic_ecumenical_altar,
          solitary_fountain, minivault_27
D:2:      layout_loops_ring, basic_altar, serial_undead, serial_undead_e,
          serial_undead_c, serial_undead_e, serial_undead_a, serial_undead_f,
          serial_undead_f, serial_undead_a, serial_undead_c,
          kennysheep_generic_room_10
D:3:      layout_loops_ring, lemuel_doored_altar, serial_shops, shop_coins,
          kennysheep_generic_room_7

Skill      XL: |  1  2  3 |
---------------+----------+-----
Earth Magic    | 4 5 |  5.0
Dodging        | |  1.5
Stealth        | |  2.1
Spellcasting   | |  2.6
Transmutations | |  0.7

Action                   || total
-------------------------++-------
Melee: Mace              ||     3
 Cast: Sandblast         ||    60
  Use: Scroll            ||     3
       Potion            ||     1
Armor: Robe              ||     5
Dodge: Dodged            ||    17
